 Dungeon Crawl Stone Soup version 0.31-a0-1570-g93c622d222 (webtiles) character file.

Game seed: 1500378742861136433

79 Curundu the Chopper (level 4, -3/41 HPs)
             Began as a Minotaur Berserker on Jan 3, 2024.
             Was a Believer of Trog.
             Slain by Terence
             ... wielding a +0 trident
              (7 damage)
             ... on level 3 of the Dungeon.
             The game lasted 00:06:51 (2127 turns).

Curundu the Chopper (Minotaur Berserker)            Turns: 2127, Time: 00:06:52

Health: -3/41      AC:  6    Str: 23 (24) XL:     4   Next: 17%
Magic:  3/3        EV: 11    Int:  3 (4)  God:    Trog [**....]
Gold:   107        SH:  0    Dex:  7 (9)  Spells: 3/3 levels left

rFire   . . .        c - +2 dagger (freeze)
rCold   . . .        (no shield)
rNeg    . . .        u - +0 ring mail
rPois   .            (helmet restricted)
rElec   .            n - +0 cloak
rCorr   .            (no gloves)
SInv    .            (no boots)
Will    .....        (no amulet) Stlth
                     (no ring)
HPRegen 0.26/turn    (no ring)
MPRegen 0.08/turn

%: no passive effects
@: no status effects
A: horns 2, retaliatory headbutt
a: Renounce Religion, Berserk, Trog's Hand


You were on level 3 of the Dungeon.
You worshipped Trog.
Trog was pleased with you.
You visited 1 branch of the dungeon, and saw 3 of its levels.

You collected 107 gold pieces.

Inventory:

Hand Weapons
 a - a +0 hand axe
 c - a +2 dagger of freezing (weapon)
Missiles
 h - 8 poisoned darts
Armour
 n - a +0 cloak (worn)
 u - a +0 ring mail (worn)
Jewellery
 e - a ring of flight
Scrolls
 b - a scroll of enchant armour {unknown}
 d - 2 scrolls of fear {unknown}
 f - 2 scrolls of poison {unknown}
 g - 2 scrolls of brand weapon {unknown}
 i - a scroll of teleportation {unknown}
 j - a scroll of summoning {unknown}
 k - 3 scrolls of identify {unknown}
 l - 2 scrolls of enchant weapon {unknown}
 p - a scroll of vulnerability {unknown}
 s - 3 scrolls of amnesia {unknown}
 t - a scroll of noise {unknown}
Potions
 o - 2 potions of curing {unknown}
 q - a potion of magic {unknown}
 r - 2 potions of heal wounds {unknown}


   Skills:
 + Level 4.5 Fighting
 + Level 0.8 Short Blades
 + Level 4.9 Axes
 + Level 2.5 Armour
 + Level 2.6 Dodging


You had 3 spell levels left.
You didn't know any spells.
Your spell library was empty.

Dungeon Overview and Level Annotations

Branches:
Dungeon (3/15)

Altars:
Trog

Annotations:
D:3 Terence


Innate Abilities, Weirdness & Mutations

You have a pair of horns on your head.
You reflexively headbutt those who attack you in melee.


Message History

Terence hits you but does no damage.
You barely miss Terence.
Terence is severely wounded.
Terence hits you with a +0 trident!
You hit Terence but do no damage.
Terence is severely wounded.
Terence barely misses you.
You barely miss Terence.
Terence is severely wounded.
Terence hits you with a +0 trident.
* * * LOW HITPOINT WARNING * * *
It was a potion of degeneration.
There was something very wrong with that liquid.
You feel weakened.
You feel dopey.
You feel clumsy. Terence hits you but does no damage.
You closely miss Terence.
Terence is severely wounded.
Terence closely misses you.
You hit Terence but do no damage. You headbutt Terence, but do no damage.
Terence is severely wounded.
Terence closely misses you.
You barely miss Terence.
Terence is severely wounded.
Terence barely misses you.
You hit Terence but do no damage.
Terence is severely wounded.
Terence hits you with a +0 trident.
* * * LOW HITPOINT WARNING * * *
You hit Terence but do no damage.
Terence is severely wounded.
Terence hits you with a +0 trident.
* * * LOW HITPOINT WARNING * * *
You hit Terence but do no damage.
Terence is severely wounded.
Terence hits you but does no damage.
You hit Terence but do no damage.
Terence is severely wounded.
Terence hits you with a +0 trident!
You die...
Terence says, "Rest in peace."

#
#..........#
#.#
###..#######
#.# #..# #.#
##########..#
#.#
#........[..#
#.#
#.#####.#####
#.# #.# #.#
#.# #.# #@#
#####.# #@#
#.....#
#...._.##
#######
###....##
#...## #..^#
####


You could see Terence.

Vanquished Creatures
  An adder (D:2)
  4 dart slugs
  A ribbon worm (D:2)
  An orc (D:3)
  4 endoplasms (D:2)
  A giant cockroach (D:1)
  6 goblins
  3 hobgoblins
  5 jackals (D:2)
  5 kobolds
  2 quokkas (D:1)
  9 ball pythons
  5 bats
  2 frilled lizards
  5 rats
54 creatures vanquished.

Notes
Turn   | Place    | Note
-------+----------+-------------------------------------------
     0 | D:1      | Curundu the Minotaur Berserker began the quest for the Orb.
     0 | D:1      | Reached XP level 1. HP: 19/19 MP: 0/0
   131 | D:1      | Reached XP level 2. HP: 6/27 MP: 1/1
   797 | D:2      | Reached XP level 3. HP: 33/33 MP: 2/2
   952 | D:2      | Found a faded altar of an unknown god.
  1206 | D:2      | Reached ** piety under Trog
  1535 | D:2      | Reached XP level 4. HP: 41/41 MP: 3/3
  2093 | D:3      | Noticed Terence
  2094 | D:3      | Found a bloodstained altar of Trog.
  2127 | D:3      | Slain by Terence

Illustrated notes

Levels and vault maps discovered:
D:1:      minmay_arrival_open_corners, layout_basic, serial_bayou_lagoon_b
D:2:      layout_loops_corners, ebering_ecumenical_altar_abandoned,
          nicolae_twisty_statue_hallways
D:3:      layout_loops_ring, vehumet_statue, kennysheep_okawaru_gauntlet,
          trog_butcher_becter, portal_sewer_entry_e, hangedman_decor_riveting,
          uniq_terence

Skill      XL: |  1  2 |
---------------+-------+-----
Fighting       | 4 |  4.5
Axes           | 4 |  4.9
Short Blades   | |  0.8
Armour         | |  2.5
Dodging        | |  2.6

Action                     |  1- 3 |  4- 6 || total
---------------------------+-------+-------++-------
  Melee: Dagger            |    93 |    39 ||   132
         Hand axe          |     4 |       ||     4
         Headbutt          |    14 |     6 ||    20
 Invoke: Trog's Hand       |       |     1 ||     1
    Use: Potion            |       |     1 ||     1
 Armour: Animal skin       |    41 |     2 ||    43
         Ring mail         |       |    24 ||    24
  Dodge: Dodged            |    56 |    24 ||    80

Table legend: (Time is in decaauts)
 A = Elapsed time spent in this place.
 B = Non-inter-level travel time spent in this place.
 C = Inter-level travel time spent in this place.
 D = Time resting spent in this place.
 E = Time spent auto-exploring this place.
 F = Levels seen in this place.
 G = Mean time per level.
                   A        B        C        D        E       F      G
               +--------+--------+--------+--------+--------+-----+--------+
         Total |   2141 |   2141 |      0 |     82 |   1467 |   3 |  713.7 |
       Dungeon |   2141 |   2141 |      0 |     82 |   1467 |   3 |  713.7 |
               +--------+--------+--------+--------+--------+-----+--------+

Top non-repeatable levels by time:
     D:2: 1218 daAuts
     D:1: 810 daAuts
     D:3: 112 daAuts
